 Dungeon Crawl Stone Soup version 0.20.0-10-g0535bb4 (webtiles) character file.

128 NeverLuckyBabyRage the Chopper (level 5, -3/32 HPs)
             Began as a Gargoyle Fighter on June 7, 2017.
             Slain by Grinder (5 damage)
             ... on level 3 of the Dungeon.
             The game lasted 00:03:35 (1449 turns).

NeverLuckyBabyRage the Chopper (Gargoyle Fighter)   Turns: 1449, Time: 00:03:35

Health: -3/32      AC: 10    Str: 26    XL:     5   Next: 12%
Magic:  5/5        EV:  7    Int:  8    God:
Gold:   100        SH: 10    Dex:  9    Spells: 4/4 levels left

rFire    . . .     SeeInvis .   a - +0 war axe
rCold    . . .     Gourm    .   c - +1 shield
rNeg     + . .     Faith    .   b - +0 scale mail
rPois    ∞         Spirit   .   (no helmet)
rElec    +         Reflect  .   (no cloak)
rCorr    .         Harm     .   (no gloves)
MR       .....                  (no boots)
Stlth    ..........             (no amulet)
Regen    0.1/turn               (no ring)
MPRegen  0.1/turn               (no ring)

@: mighty
A: negative energy resistance 1, electricity resistance, unbreathing,
petrification resistance, rot immunity, AC +4
a: no special abilities


You were on level 3 of the Dungeon.
You were not hungry.

You visited 1 branch of the dungeon, and saw 3 of its levels.

You collected 100 gold pieces.

Inventory:

Hand Weapons
 a - a +0 war axe (weapon)
 m - a +0 mace of protection
Armour
 b - a +0 scale mail (worn)
 c - a +1 shield (worn)
Jewellery
 l - an uncursed amulet of guardian spirit
Scrolls
 h - a scroll of identify
 i - a scroll of recharging
 o - 2 scrolls of remove curse
Potions
 e - a potion of mutation {unknown}
 g - 2 potions of lignification
 k - a potion of heal wounds {unknown}
 n - a potion of magic
Comestibles
 f - a bread ration


   Skills:
 - Level 3.2 Fighting
 * Level 4.6 Axes
 - Level 3.2 Armour
 - Level 3.2 Shields


You had 4 spell levels left.
You didn't know any spells.

Dungeon Overview and Level Annotations

Branches:
Dungeon (3/15)

Altars:

Annotations:
D:3 Grinder, Sigmund


Innate Abilities, Weirdness & Mutations

You are resistant to torment.
Your stone body is resilient. (AC +4)
You are immune to poison.
You resist negative energy. (rN+)
You are resistant to electric shocks. (rElec)
You can survive without breathing.
You are immune to petrification.
You are immune to rotting.


Message History

Grinder blinks!
You completely miss the goblin. The goblin hits you but does no damage.
Something hits you but does no damage.
Grinder rolls her eyes.
You hit the goblin.
You kill the goblin!
Something hits you!
* * * LOW HITPOINT WARNING * * *
You hear some strange, mumbled words.
Something tries to affect you, but you resist.
Things that are here:
a goblin corpse; a rat corpse Unknown command.
Unknown command.
Unknown command.
You closely miss something. Something hits you but does no damage.
You miss something. You closely miss Grinder. You block Grinder's attack.
You block something's attack.
You barely miss something. You closely miss Grinder. Grinder hits you.
You die...

#†# .......)#.#
####.######.######.#.####
.<..#...........(.......#
##.#.######.#####.#####.#
#.#.# #.# #.#.# #.# #.#.#
#.# #.#.# #.#####.#####.
#.#.# #....%@{!......
#...# #######5.##....
##.### #..... .. ...#
##.##... #### .# #. # .#
# .. # . #


You could see Grinder.

Vanquished Creatures
  4 adders
  2 oozes (D:2)
  2 worms (D:2)
  2 dart slugs
  A leopard gecko (D:3)
  2 orcs (D:3)
  2 giant cockroaches (D:3)
  5 goblins
  11 hobgoblins
  6 jackals
  8 kobolds
  2 quokkas
  2 ball pythons
  7 bats
  4 frilled lizards
  10 rats
70 creatures vanquished.

Notes
Turn   | Place    | Note
-------+----------+-------------------------------------------
     0 | D:1      | NeverLuckyBabyRage the Gargoyle Fighter began the quest for the Orb.
     0 | D:1      | Reached XP level 1. HP: 14/14 MP: 1/1
    25 | D:1      | Reached skill level 2 in Axes
    94 | D:1      | Reached XP level 2. HP: 19/19 MP: 2/2
   356 | D:1      | Reached skill level 3 in Axes
   393 | D:1      | Reached XP level 3. HP: 23/23 MP: 3/3
   769 | D:2      | Reached XP level 4. HP: 27/28 MP: 4/4
   886 | D:2      | Reached skill level 4 in Axes
  1403 | D:3      | Reached XP level 5. HP: 30/32 MP: 5/5
  1426 | D:3      | Noticed Sigmund
  1434 | D:3      | Noticed Grinder
  1449 | D:3      | Slain by Grinder

Skill      XL: |  1  2  3  4 |
---------------+-------------+-----
Axes           | 2 3 4 |  4.6
Fighting       | |  3.2
Armour         | |  3.2
Shields        | |  3.2

Action                   |  1- 3 |  4- 6 || total
-------------------------+-------+-------++-------
Melee: War axe           |    99 |   102 ||   201
  Use: Scroll            |     2 |     8 ||    10
       Potion            |       |     1 ||     1
  Eat: Bread ration      |       |     1 ||     1
       Fruit             |       |     1 ||     1
Armor: Scale mail        |    60 |    58 ||   118
Dodge: Dodged            |    30 |    31 ||    61
Block: Shield            |    57 |    52 ||   109
